 Dungeon Crawl Stone Soup version 0.19.0-11-g3fc08b3 (webtiles) character file.

170 Malachi the Grave Robber (level 5, -3/42 HPs)
             Began as a Deep Dwarf Necromancer on Nov 10, 2016.
             Slain by an ogre
             ... wielding a +0 giant club
              (28 damage)
             ... on level 3 of the Dungeon.
             The game lasted 00:06:06 (2013 turns).

Malachi the Grave Robber (Deep Dwarf Necromancer)   Turns: 2013, Time: 00:06:06

Health: -3/42      AC:  3    Str: 12    XL:     5   Next: 25%
Magic:  3/9        EV: 13    Int: 16    God:
Gold:   111        SH:  0    Dex: 13    Spells: 2 memorised, 6 levels left

rFire  . . .     SeeInvis .     k - +2 long sword (slice)
rCold  . . .     Gourm    .     a - +1 robe
rNeg   . . .     Faith    .     (no shield)
rPois  .         Spirit   .     (no helmet)
rElec  .         Reflect  .     (no cloak)
rCorr  .         Harm     .     (no gloves)
MR     .....                    (no boots)
Stlth  ++........               g - amulet of magic regeneration
                                (no ring)
                                (no ring)

@: non-regenerating
A: damage resistance, recharge devices, sense surroundings 1, slow regeneration
3
a: Device Recharging


You were on level 3 of the Dungeon.
You were not hungry.

You visited 1 branch of the dungeon, and saw 3 of its levels.

You collected 111 gold pieces.

Inventory:

Hand Weapons
 k - a +2 long sword of slicing (weapon)
Armour
 a - a +1 robe (worn)
Jewellery
 g - an amulet of magic regeneration (around neck)
 m - an uncursed ring of magical power {unknown}
Wands
 c - a wand of heal wounds (4/9)
Scrolls
 h - a scroll of blinking
 j - a scroll of identify
 p - 4 scrolls of teleportation
Potions
 e - 2 potions of curing {unknown}
 f - 2 potions of might {unknown}
 i - a potion of lignification {unknown}
 l - a potion of cancellation {unknown}
 o - a potion of mutation {unknown}
Books
 b - a book of Necromancy

   Spells                             Type                      Level
   a - Pain                           Necromancy                   1
   b - Animate Skeleton               Necromancy                   1
   c - Vampiric Draining              Necromancy                   3
   d - Regeneration                   Charms/Necromancy            3
   e - Animate Dead                   Necromancy                   4
   f - Control Undead                 Necromancy                   4
Comestibles
 d - 2 bread rations
 n - a meat ration


   Skills:
 + Level 1.0 Long Blades
 + Level 2.4 Dodging
 + Level 2.8 Stealth
 + Level 3.3 Spellcasting
 + Level 5.7 Necromancy


You had 6 spell levels left.
You knew the following spells:

 Your Spells              Type           Power        Failure   Level  Hunger
a - Pain                  Necr           ###.         1%          1    None
b - Vampiric Draining     Necr           ###.......   6%          3    ###....


Dungeon Overview and Level Annotations

Branches:
Dungeon (3/15)

Altars:

Annotations:
D:3 Zigma's ghost, amateur DrTm


Innate Abilities, Weirdness & Mutations

You are resistant to damage.
You can recharge devices by infusing magical energy.
You passively map a small area around you.
You do not regenerate.


Message History

Found a falchion.
Your magical contamination has completely faded away.
h - a scroll of blinking An ogre comes into view.
It is wielding a giant club.
Casting: Vampiric Draining
Confirm with . or Enter, or press ? or * to list all spells.
Aiming: Vampiric Draining
Press: ? - help, Shift-Dir - straight line, f - ogre
Aim: an ogre, wielding a giant club The ogre is moderately wounded.
You feel life coursing into your body. The ogre hits you with a giant club!
Casting: Vampiric Draining
Confirm with . or Enter, or press ? or * to list all spells.
Aiming: Vampiric Draining
Press: ? - help, Shift-Dir - straight line, f/p - ogre
Aim: an ogre, wielding a giant club (moderately wounded)
The ogre is heavily wounded.
You feel life coursing into your body. The ogre hits you with a giant club!!
Ouch! That really hurt!
You die...

#.#.# #.#
#...#
#S########
###.#
#....S...###
#...#
######g....#
#.#.#
########.....#
#.#.#
.............#
#.#.#
.#######.....#
#.#.# *
#..g..# #.#@#
###.#.# #.#O#
* #####.#g#
#.#.# *
#.....#.# ,#.#
, #.......# *
#..
......####.# *
,.##
,*#####......g
*. < .........
. #######.# ,
,...#


You could see an ogre.

Vanquished Creatures
  An orc priest (D:3)
  4 gnolls (D:3)
  6 adders
  2 leopard geckos
  3 orcs (D:3)
  2 giant cockroaches
  4 hobgoblins
  6 kobolds
  A quokka (D:3)
  7 bats
  5 frilled lizards
  5 goblins
  3 rats
49 creatures vanquished.

Notes
Turn   | Place    | Note
-------+----------+-------------------------------------------
     0 | D:1      | Malachi the Deep Dwarf Necromancer began the quest for the Orb.
     0 | D:1      | Reached XP level 1. HP: 15/15 MP: 3/3
    69 | D:1      | You fall through a shaft!
   176 | D:2      | Reached XP level 2. HP: 16/22 MP: 0/5
   673 | D:2      | Reached XP level 3. HP: 16/28 MP: 3/6
   743 | D:2      | Reached skill level 5 in Necromancy
   817 | D:2      | Learned a level 3 spell: Vampiric Draining
  1308 | D:3      | Reached XP level 4. HP: 35/36 MP: 4/8
  1579 | D:3      | Noticed Zigma's ghost (amateur DrTm)
  1835 | D:3      | Reached XP level 5. HP: 20/42 MP: 2/9
  1883 | D:3      | Reached skill level 1 in Long Blades
  2008 | D:3      | Noticed an ogre
  2013 | D:3      | Slain by an ogre

Skill      XL: |  1  2  3  4  5 |
---------------+----------------+-----
Spellcasting   | 2 3 |  3.3
Necromancy     | 5 |  5.7
Long Blades    | 1 |  1.0
Dodging        | |  2.4
Stealth        | |  2.8

Action                   |  1- 3 |  4- 6 || total
-------------------------+-------+-------++-------
Melee: Unarmed           |     2 |       ||     2
       Long sword        |    11 |    10 ||    21
 Cast: Pain              |    32 |     8 ||    40
       Vampiric Draining |     9 |    20 ||    29
Evoke: Wand              |       |     1 ||     1
  Use: Scroll            |     3 |       ||     3
 Stab: Distracted        |     1 |       ||     1
       Sleeping          |     1 |       ||     1
  Eat: Chunk             |     2 |     5 ||     7
Armor: Robe              |    16 |     5 ||    21
Dodge: Dodged            |    39 |    23 ||    62
       Rpst.: Long sword |     1 |     5 ||     6
